 Dungeon Crawl Stone Soup version 0.31-a0-188-g5e087ee2ca (webtiles) character file.

Game seed: 2173499208503502873

53 qw the Shooter (level 3, 0/20 HPs)
             Began as a Deep Elf Hunter on June 22, 2023.
             Succumbed to an adder's poison
             ... on level 2 of the Dungeon.
             The game lasted 00:00:30 (1296 turns).

qw the Shooter (Deep Elf Hunter)                    Turns: 1296, Time: 00:00:30

Health: 0/20       AC:  6    Str: 10    XL:     3   Next: 64%
Magic:  5/5        EV: 11    Int: 13    God:
Gold:   73         SH:  0    Dex: 18    Spells: 2/2 levels left

rFire   . . .        Y - +0 shortbow
rCold   . . .        (shield currently unavailable)
rNeg    . . .        l - +0 ring mail
rPois   .            m - +0 helmet
rElec   .            (no cloak)
rCorr   .            (no gloves)
SInv    .            (no boots)
Will    .....        (no amulet)
Stlth   +            (no ring)
HPRegen 0.23/turn    (no ring)
MPRegen 0.09/turn

%: no passive effects
@: lethally poisoned (0 -> -4)
A: no striking features
a: no special abilities


You were on level 2 of the Dungeon.
You visited 1 branch of the dungeon, and saw 2 of its levels.

You collected 73 gold pieces.


   Skills:
 - Level 1.5 Fighting
 + Level 7.1 Ranged Weapons
 - Level 2.4 Dodging
 - Level 1.2 Stealth


You had 2 spell levels left.
You didn't know any spells.
Your spell library was empty.

Inventory:

Hand Weapons
 Y - a +0 shortbow (weapon)
Armour
 l - a +0 ring mail (worn)
 m - a +0 helmet (worn)
Scrolls
 a - 4 scrolls of identify
Potions
 b - a potion of degeneration {unknown}
 h - a potion of enlightenment {unknown}
 j - 2 potions of might {unknown}
 k - a potion of mutation {unknown}
 n - a potion of haste {unknown}

Dungeon Overview and Level Annotations

Branches:
Dungeon (2/15)

Altars:


Message History

You kill the giant cockroach!
The ufetubus hits you. The ufetubus misses you.
You shoot an arrow.
The arrow hits the ufetubus but does no damage.
The ufetubus closely misses you. x2
The ufetubus hits you but does no damage.
The ufetubus misses you.
You shoot an arrow. The arrow hits the ufetubus.
The ufetubus is severely wounded.
The ufetubus closely misses you. The ufetubus barely misses you.
The ufetubus misses you. The ufetubus hits you.
You shoot an arrow. The arrow barely misses the ufetubus.
The ufetubus hits you but does no damage. x2
The ufetubus barely misses you. x2
You shoot an arrow. The arrow hits the ufetubus.
You kill the ufetubus!
You shoot an arrow. The arrow closely misses the adder.
The adder bites you.
You are poisoned.
The adder poisons you! The adder bites you but does no damage.
You shoot an arrow. The arrow closely misses the adder.
You feel sick. The adder bites you.
You shoot an arrow. The arrow barely misses the adder.
You feel sick. The adder closely misses you. The adder bites you.
You are lethally poisoned!
The adder poisons you!
You shoot an arrow. The arrow hits the adder.
The adder is moderately wounded.
You feel sick. The adder bites you.
You shoot an arrow. The arrow hits the adder.
The adder is heavily wounded.
You feel very sick. The adder barely misses you. x2
You shoot an arrow. The arrow barely misses the adder.
You feel sick. The adder closely misses you.
The adder bites you but does no damage.
You shoot an arrow. The arrow closely misses the adder.
You feel sick. The adder barely misses you.
You shoot an arrow. The arrow misses the adder.
You die...

#'##...## #..
#..###..# #.. #..#
##.# #.. #).# +.##
#.) #..# ##..# #..
#.[###...# . #..
####...#.#
....##S##........#
.......@......####
##.........####
###########


You could see an adder.

Vanquished Creatures
  An ufetubus (D:2)
  A worm (D:2)
  A dart slug (D:2)
  2 endoplasms
  3 giant cockroaches
  8 goblins
  3 hobgoblins
  4 jackals (D:1)
  6 kobolds
  A quokka (D:1)
  3 frilled lizards
  6 rats
39 creatures vanquished.

Notes
Turn   | Place    | Note
-------+----------+-------------------------------------------
     0 | D:1      | qw the Deep Elf Hunter began the quest for the Orb.
     0 | D:1      | Reached XP level 1. HP: 12/12 MP: 3/3
     0 | D:1      | 0 ||| qw: Version: 0.3-a-9-g12657ce
     0 | D:1      | 0 ||| qw: Game counter: 2763
     0 | D:1      | 0 ||| qw: Always use a shield: true
     0 | D:1      | 0 ||| qw: God list: Okawaru
     0 | D:1      | 0 ||| qw: Allow faded altars: false
     0 | D:1      | 0 ||| qw: Do Orc after D:15 true
     0 | D:1      | 0 ||| qw: Do second Lair branch before Depths: true
     0 | D:1      | 0 ||| qw: Lair rune preference: random
     0 | D:1      | 0 ||| qw: Plans: Normal
     0 | D:1      | 0 ||| PLANNING D:1-11
   176 | D:1      | Reached skill level 6 in Ranged Weapons
   176 | D:1      | Reached XP level 2. HP: 9/16 MP: 4/4
   436 | D:1      | Found a faded altar of an unknown god.
   574 | D:1      | 574 ||| FLEEEEING.
   575 | D:1      | 575 ||| FLEEEEING.
   576 | D:1      | 576 ||| FLEEEEING.
   577 | D:1      | 577 ||| FLEEEEING.
   578 | D:1      | 578 ||| FLEEEEING.
   579 | D:1      | 579 ||| FLEEEEING.
   580 | D:1      | 580 ||| FLEEEEING.
   581 | D:1      | 581 ||| FLEEEEING.
   885 | D:1      | 885 ||| UPGRADING to +0 ring mail.
   895 | D:1      | 895 ||| DROPPING +0 leather armour.
   896 | D:1      | 896 ||| UPGRADING to +0 helmet.
   901 | D:1      | 901 ||| READING 2 scrolls labelled HILUXOSUMO.
   902 | D:1      | 902 ||| READING scroll labelled DIGRISCHUJOS.
   903 | D:1      | 903 ||| READING scroll labelled KADUED LOOSODU.
   904 | D:1      | 904 ||| READING scroll labelled PAEKKE AGUUQ.
   905 | D:1      | 905 ||| DRINKING 2 dark potions.
   906 | D:1      | 906 ||| DROPPING scroll of butterflies.
   907 | D:1      | 907 ||| DROPPING potion of invisibility.
   945 | D:2      | Reached XP level 3. HP: 17/20 MP: 5/5
  1252 | D:2      | Reached skill level 7 in Ranged Weapons
  1293 | D:2      | HP: 3/20 [poisoned by an adder]
  1295 | D:2      | HP: 1/20 [poisoned by an adder]
  1296 | D:2      | Succumbed to an adder's poison

Levels and vault maps discovered:
D:1:      reono_arrival_mine, layout_basic, serial_curves, eino_curves_02,
          eino_curves_01, shapermc_ecumenical_altar_flowoftime, minivault_4,
          chequers_serial_rivers_micro_c, minmay_fountain_box,
          minmay_small_reverse_x
D:2:      layout_loops_ring, minmay_divided_ellipse

Skill      XL: |  1  2  3 |
---------------+----------+-----
Ranged Weapons | 6 7 |  7.1
Fighting       | |  1.5
Dodging        | |  2.4
Stealth        | |  1.2

Action                     || total
---------------------------++-------
   Fire: Shortbow          ||   114
    Use: Scroll            ||     4
         Potion            ||     1
 Armour: Leather armour    ||     5
         Ring mail         ||     9
  Dodge: Dodged            ||    54

Table legend:
 A = Non-vault XP
 B = Vault XP
 C = Vault XP percentage of total XP
 D = Non-vault monster count
 E = Vault monster count
 F = Vault count percentage of total count
                 A         B        C        D         E       F
            +---------+---------+-------+---------+---------+-------
      Total |      55 |      22 |  28.6 |      29 |      10 |  25.6
            +---------+---------+-------+---------+---------+-------
        D:1 |      33 |       7 |  17.5 |      19 |       4 |  17.4
        D:2 |      22 |      15 |  40.5 |      10 |       6 |  37.5
            +---------+---------+-------+---------+---------+-------
